Zazza, neutral female human Tourist ----- |...| |..@+# --------------- --------- |.m.|# |..............# |.......| ------ |.@.|# |.............|###############........+ ####.....| -----# |..............# |......>| ###|....| # ----------|---- ----|---- ### .....| # # # ### --|--- # ### ### ### # # # # # ### # # ###### ######## ### ### -------|------ ----- ------.--# ### # # |............| |...| ##........|###`########## ## ### |........^...| #|.{.| # |.......-### -|--|--- # |............-#####.....### |.......| |......| ##.............| ----- --------- |......| |...<........| |......| -------------- .......| -------- Zazza the Rambler Experience level: 1 Strength: 12 Dexterity: 11 Constitution: 17 Intelligence: 14 Wisdom: 7 Charisma: 17 Health: 0(10) Energy: 2(2) Def: 0 Gold: 0 Moves: 1214 Dungeon seed: heujpEeSaxz-07hu Game ID: Zazza_1619502125 Your Inventory: Weapons a - 40 blessed +2 darts (in quiver) t - 14 cursed -1 arrows u - 2 +0 arrows V - a cursed +0 long sword Armor e - an uncursed +0 Hawaiian shirt (being worn) q - a cursed -1 pair of levitation boots named cursed Comestibles b - 7 uncursed food rations d - an uncursed melon f - an uncursed orange g - 2 uncursed slime molds Scrolls i - 2 uncursed scrolls of magic mapping j - a blessed scroll of magic mapping n - a blessed scroll of enchant weapon P - an uncursed scroll of confuse monster R - an uncursed scroll of gold detection T - an uncursed scroll of identify Spellbooks U - an uncursed spellbook of magic missile W - an uncursed spellbook of turn undead Potions h - 4 uncursed potions of extra healing K - a blessed potion of extra healing named blessed Rings s - an uncursed ring of see invisible Wands m - a wand of digging (0:7) X - a wand of digging (0:8) Tools k - an expensive camera (0:30) l - an uncursed credit card Q - an uncursed tin whistle S - an uncursed towel Spells and supernatural/magical abilities: Name Level Category Fail Memory W - pray for help -- divine ? -- Your skills at the end: Fighting Skills Weapon Skills dart [Basic] Spellcasting Skills Final Attributes: You were nominally aligned. You were lucky. You are dead. Vanquished creatures: 6 jackals 4 sewer rats 9 grid bugs a bat 3 lichens 6 newts 29 creatures vanquished. Voluntary challenges: You were an atheist. You never hit with a wielded weapon. You read items or engraved 5 times, starting on turn 6. You never genocided any monsters. You never polymorphed an object. You never changed form. You used no wishes. You never split a pudding. You wrote Elbereth's name 1 time, starting on turn 6. You never violated your personal moral code. Dungeon overview: The Dungeons of Doom: levels 1 to 3 Level 1 a long staircase Level 2 a potion shop stairs to The Gnomish Mines Level 3 <- You were here a general store, a fountain The Gnomish Mines: Level 3 stairs to The Dungeons of Doom History has recorded: On T:1 you entered the Dungeons of Doom to retrieve the Amulet of Yendor! On T:208 you reached level 2 of The Dungeons of Doom. On T:365 you reached level 1 of The Gnomish Mines. On T:949 you reached level 3 of The Dungeons of Doom. Score breakdown: Gold: 0 ( 0 points) Experience: 1 level ( 0 points) Exploration: 3 levels ( 6.52%) ( 6324 points) Discoveries: 3 items ( 1.01%) ( 3010 points) Valuables value: (no points given unless you survive) Artifact value: 0 ( 0 points) Variety of kills: 6 monsters ( 1.57%) ( 3764 points) Turncount: 1214 turns ( 0 points) Survival: died (score multiplied by 80%) Total score: 10478 Latest messages: R - a scroll labeled DAIYEN FOOELS (unpaid, 100 zorkmids). You see here a towel (50 zorkmids). "For you, most gracious lady; only 50 for this towel." S - a towel (unpaid, 50 zorkmids). You see here a scroll of identify (20 zorkmids). "For you, most gracious lady; only 20 for this scroll of identify." T - a scroll of identify (unpaid, 20 zorkmids). You see here a dark blue spellbook (200 zorkmids). "For you, honored lady; only 200 for this dark blue spellbook." U - a dark blue spellbook (unpaid, 200 zorkmids). You hear water falling on coins. You see here a light green spellbook (600 zorkmids). You see here a long sword (15 zorkmids). It is hit. "For you, most gracious lady; only 15 for this long sword." V - a long sword (unpaid, 15 zorkmids). You see here a light green spellbook (600 zorkmids). "For you, most gracious lady; only 600 for this light green spellbook." W - a light green spellbook (unpaid, 600 zorkmids). You see here a wand of digging (150 zorkmids). "For you, good lady; only 150 for this wand of digging." X - a wand of digging (unpaid, 150 zorkmids). Wait! That's a small mimic! The small mimic hits! You die... Akalapi comes and takes all your possessions. Final status: Aloha Zazza the Tourist, killed by a small mimic... You died in The Dungeons of Doom on dungeon level 3 with 10478 points, and 0 pieces of gold, after 1214 moves. You were level 1 with a maximum of 10 hit points when you died.